General information
- name: BNet
- type: Ladder team game (AT/RT)
- host: Battle.net
- saver: Dinnerbot
map: PlainsOfSnow
- players: 6
- length: 53:12
- speed: Fast
- version: 1.26 W3XP
- replay type: Public
» download(296 KB)
Players
team 1 (loser)
ElZilcho (
pink | 154 APM | 7269 actions | 47:11)
7 Keeper of the Grove
3 Force of Nature
3 Entangling Roots
1 Tranquility
4 Priestess of the Moon
2 Trueshot Aura
2 Scout
» actions
| Assign group hotkey | 322 | |
| Basic commands | 486 | |
| Build / train | 125 | |
| ESC pressed | 5 | |
| Enter build submenu | 38 | |
| Enter hero's abilities submenu | 12 | |
| Right click | 2095 | |
| Select / deselect | 772 | |
| Select group hotkey | 3297 | |
| Use ability | 117 | |
7269 total
» units
| Wisp | 34 | |
| Huntress | 3 | |
| Druid of the Talon | 6 | |
| Hippogryph | 7 | |
| Chimaera | 13 | |
| Mortar Team | 5 | |
| Peasant | 4 | |
72 total
» upgrades
| Ultravision | 1 | |
| Moon Armor | 1 | |
| Sentinel | 1 | |
| Druid of the Talon Training | 2 | |
| Reinforced Hides | 3 | |
| Nature's Blessing | 1 | |
| Well Spring | 1 | |
| Mark of the Talon | 1 | |
| Corrosive Breath | 1 | |
| Strength of the Wild | 3 | |
| Fragmentation Shards | 1 | |
| Armor | 2 | |
| Masonry | 1 | |
| Gunpowder | 1 | |
| Flare | 1 | |
| Barrage | 1 | |
22 total
» buildings
| Altar of Elders | 1 | |
| Moon Well | 11 | |
| Ancient of Wonders | 6 | |
| Hunter's Hall | 1 | |
| Ancient of War | 2 | |
| Ancient Protector | 1 | |
| Tree of Ages | 1 | |
| Tree of Life | 5 | |
| Tree of Eternity | 1 | |
| Ancient of Wind | 3 | |
| Chimaera Roost | 2 | |
| Ancient of Lore | 2 | |
36 total
» build order
00:10 Altar of Elders
00:20 Moon Well
01:02 Ancient of Wonders
02:01 Moon Well
02:07 Moon Well
02:12 Hunter's Hall
02:48 Ancient of War
03:24 Ancient Protector
03:42 Ancient of War
04:35 Tree of Ages
05:41 Moon Well
06:17 Tree of Life
07:03 Tree of Eternity
07:05 Ancient of Wind
07:07 Ancient of Wind
07:48 Ancient of Wind
09:32 Chimaera Roost
11:01 Chimaera Roost
11:59 Moon Well
12:38 Moon Well
13:04 Moon Well
14:17 Moon Well
14:57 Moon Well
16:55 Ancient of Wonders
22:30 Ancient of Lore
23:00 Ancient of Wonders
24:03 Moon Well
24:05 Ancient of Lore
28:12 Ancient of Wonders
31:16 Tree of Life
31:55 Tree of Life
32:52 Tree of Life
33:14 Tree of Life
38:16 Ancient of Wonders
38:19 Ancient of Wonders
40:23 Moon Well
» items
| Lesser Clarity Potion | 7 | |
| Staff of Preservation | 1 | |
| Potion of Mana | 2 | |
| Potion of Healing | 2 | |
| Orb of Venom | 2 | |
| Scroll of Town Portal | 1 | |
15 total
YEE074 (
teal | 126 APM | 2362 actions | 18:40)
4 Mountain King
2 Storm Bolt
2 Bash
2 Paladin
1 Holy Light
1 Divine Shield
» actions
| Assign group hotkey | 27 | |
| Basic commands | 206 | |
| Build / train | 73 | |
| Enter build submenu | 22 | |
| Enter hero's abilities submenu | 6 | |
| Give item / drop item | 1 | |
| Right click | 965 | |
| Select / deselect | 264 | |
| Select group hotkey | 758 | |
| Use ability | 40 | |
2362 total
» units
| Peasant | 14 | |
| Footman | 6 | |
| Knight | 6 | |
| Mortar Team | 4 | |
| Flying Machine | 17 | |
47 total
» upgrades
| Swords | 1 | |
| Lumber Harvesting | 2 | |
| Flak Cannons | 1 | |
| Flying Machine Bombs | 1 | |
| Animal War Training | 1 | |
| Gunpowder | 1 | |
7 total
» buildings
| Altar of Kings | 1 | |
| Farm | 10 | |
| Barracks | 2 | |
| Scout Tower | 1 | |
| Keep | 1 | |
| Arcane Tower | 1 | |
| Lumber Mill | 1 | |
| Arcane Vault | 1 | |
| Blacksmith | 1 | |
| Castle | 1 | |
| Workshop | 2 | |
| Town Hall | 1 | |
23 total
» build order
00:22 Altar of Kings
00:37 Farm
00:53 Barracks
01:21 Farm
01:59 Farm
02:04 Scout Tower
02:45 Keep
03:01 Arcane Tower
03:59 Farm
04:02 Lumber Mill
04:18 Arcane Vault
04:21 Blacksmith
05:17 Castle
06:08 Barracks
07:18 Workshop
07:21 Workshop
09:10 Farm
09:12 Farm
09:59 Farm
10:01 Farm
10:58 Farm
12:07 Town Hall
12:29 Farm
» items
| Scroll of Regeneration | 1 | |
| Lesser Clarity Potion | 1 | |
| Orb of Fire | 1 | |
3 total

»
PubisTaco (
blue | 53 APM | 2819 actions | 53:10)
5 Demon Hunter
2 Immolation
3 Mana Burn
3 Keeper of the Grove
1 Entangling Roots
2 Force of Nature
» actions
| Assign group hotkey | 95 | |
| Basic commands | 132 | |
| Build / train | 142 | |
| Enter build submenu | 22 | |
| Enter hero's abilities submenu | 8 | |
| Give item / drop item | 1 | |
| Remove unit from queue | 2 | |
| Right click | 921 | |
| Select / deselect | 596 | |
| Select group hotkey | 824 | |
| Use ability | 76 | |
2819 total
» units
| Wisp | 15 | |
| Archer | 8 | |
| Huntress | 10 | |
| Hippogryph | 11 | |
| Dryad | 20 | |
| Druid of the Talon | 11 | |
| Glaive Thrower | 2 | |
| Mortar Team | 9 | |
| Siege Engine | 16 | |
| Knight | 6 | |
| Druid of the Claw | 13 | |
121 total
» upgrades
| Strength of the Moon | 1 | |
| Abolish Magic | 1 | |
| Strength of the Wild | 1 | |
| Reinforced Hides | 1 | |
| Druid of the Claw Training | 2 | |
| Mark of the Claw | 1 | |
7 total
» buildings
| Altar of Elders | 1 | |
| Moon Well | 6 | |
| Ancient of War | 1 | |
| Hunter's Hall | 1 | |
| Tree of Ages | 1 | |
| Ancient Protector | 3 | |
| Ancient of Wind | 1 | |
| Ancient of Lore | 2 | |
| Tree of Life | 2 | |
| Tree of Eternity | 1 | |
| Farm | 6 | |
25 total
» build order
00:06 Altar of Elders
00:19 Moon Well
00:34 Ancient of War
01:27 Moon Well
02:59 Hunter's Hall
03:17 Moon Well
05:23 Tree of Ages
05:37 Moon Well
05:42 Ancient Protector
07:01 Ancient Protector
08:58 Ancient of Wind
09:19 Ancient of Lore
14:16 Tree of Life
16:45 Moon Well
16:48 Moon Well
16:56 Tree of Eternity
32:52 Farm
32:54 Farm
32:57 Farm
32:58 Farm
33:00 Farm
33:01 Farm
33:36 Tree of Life
38:24 Ancient of Lore
46:25 Ancient Protector
team 2 (winner)

»
No_0b4eVer (
red | 95 APM | 5031 actions | 53:10)
9 Blademaster
3 Wind Walk
3 Critical Strike
1 Bladestorm
2 Mirror Image
9 Shadow Hunter
3 Hex
3 Healing Wave
1 Big Bad Voodoo
2 Serpent Ward
9 Tauren Chieftain
3 War Stomp
3 Endurance Aura
1 Reincarnation
2 Shockwave
» actions
| Assign group hotkey | 361 | |
| Basic commands | 46 | |
| Build / train | 173 | |
| Enter build submenu | 32 | |
| Enter hero's abilities submenu | 28 | |
| Give item / drop item | 9 | |
| Remove unit from queue | 3 | |
| Right click | 2216 | |
| Select / deselect | 716 | |
| Select group hotkey | 1135 | |
| Use ability | 312 | |
5031 total
» units
| Peon | 18 | |
| Troll Batrider | 48 | |
| Shaman | 19 | |
| Tauren | 9 | |
| Raider | 4 | |
98 total
» upgrades
| Shaman Training | 2 | |
| Reinforced Defenses | 1 | |
| Pulverize | 1 | |
| Armor | 1 | |
| Melee Weapons | 2 | |
| Liquid Fire | 1 | |
| Ensnare | 1 | |
| Pillage | 1 | |
10 total
» buildings
| Altar of Storms | 1 | |
| Orc Burrow | 9 | |
| Voodoo Lounge | 2 | |
| War Mill | 1 | |
| Stronghold | 1 | |
| Beastiary | 5 | |
| Watch Tower | 4 | |
| Fortress | 1 | |
| Spirit Lodge | 1 | |
| Tauren Totem | 2 | |
| Great Hall | 7 | |
34 total
» build order
00:12 Altar of Storms
00:24 Orc Burrow
00:54 Voodoo Lounge
01:11 War Mill
02:29 Stronghold
02:46 Orc Burrow
03:03 Orc Burrow
05:19 Beastiary
05:22 Beastiary
05:28 Watch Tower
06:45 Fortress
07:39 Spirit Lodge
09:14 Orc Burrow
10:23 Tauren Totem
10:28 Watch Tower
11:26 Orc Burrow
12:05 Orc Burrow
13:30 Great Hall
14:44 Orc Burrow
16:32 Watch Tower
19:24 Great Hall
23:01 Great Hall
25:25 Great Hall
26:37 Beastiary
29:55 Beastiary
31:02 Voodoo Lounge
32:18 Tauren Totem
33:34 Beastiary
35:11 Great Hall
44:28 Orc Burrow
44:56 Great Hall
46:23 Watch Tower
46:40 Orc Burrow
47:29 Great Hall
» items
| Healing Salve | 3 | |
| Lesser Clarity Potion | 4 | |
| Orb of Lightning | 2 | |
| Scroll of Town Portal | 3 | |
| Potion of Mana | 3 | |
| Potion of Healing | 1 | |
| Scroll of Speed | 1 | |
17 total

»
I)oNtFckW1tmE (
purple | 8 APM | 405 actions | 53:10)
2 Crypt Lord
1 Carrion Beetles
1 Spiked Carapace
» actions
| Basic commands | 7 | |
| Build / train | 18 | |
| Enter build submenu | 7 | |
| Enter hero's abilities submenu | 2 | |
| Remove unit from queue | 2 | |
| Right click | 125 | |
| Select / deselect | 142 | |
| Use ability | 102 | |
405 total
» units
| Acolyte | 2 | |
| Ghoul | 4 | |
| Crypt Fiend | 2 | |
8 total
» buildings
| Altar of Darkness | 1 | |
| Crypt | 1 | |
| Ziggurat | 2 | |
| Tomb of Relics | 1 | |
| Graveyard | 1 | |
| Halls of the Dead | 2 | |
8 total
» build order
00:08 Altar of Darkness
00:12 Crypt
00:35 Ziggurat
01:09 Tomb of Relics
02:09 Graveyard
02:17 Ziggurat
04:59 Halls of the Dead
» items
Dinnerbot (
orange | 61 APM | 3225 actions | 53:12)
7 Blood Mage
3 Flame Strike
3 Siphon Mana
1 Summon Phoenix
7 Archmage
3 Blizzard
3 Brilliance Aura
1 Mass Teleport
» actions
| Assign group hotkey | 19 | |
| Basic commands | 177 | |
| Build / train | 139 | |
| ESC pressed | 11 | |
| Enter build submenu | 79 | |
| Enter hero's abilities submenu | 16 | |
| Remove unit from queue | 2 | |
| Right click | 818 | |
| Select / deselect | 485 | |
| Select group hotkey | 1238 | |
| Use ability | 241 | |
3225 total
» units
| Peasant | 17 | |
| Priest | 1 | |
| Sorceress | 1 | |
| Flying Machine | 37 | |
| Siege Engine | 3 | |
| Mortar Team | 3 | |
62 total
» upgrades
| Masonry | 3 | |
| Gunpowder | 3 | |
| Lumber Harvesting | 2 | |
| Plating | 3 | |
| Barrage | 1 | |
| Magic Sentry | 1 | |
| Sorceress Training | 1 | |
| Flak Cannons | 1 | |
15 total
» buildings
| Altar of Kings | 1 | |
| Farm | 6 | |
| Lumber Mill | 3 | |
| Arcane Vault | 1 | |
| Scout Tower | 89 | |
| Arcane Tower | 4 | |
| Keep | 2 | |
| Guard Tower | 30 | |
| Blacksmith | 1 | |
| Arcane Sanctum | 2 | |
| Workshop | 4 | |
| Castle | 1 | |
| Town Hall | 2 | |
146 total
» build order
00:08 Altar of Kings
00:22 Farm
00:36 Lumber Mill
00:58 Farm
01:02 Arcane Vault
01:41 Scout Tower
02:35 Arcane Tower
03:00 Scout Tower
03:01 Scout Tower
03:23 Keep
03:23 Keep
03:29 Scout Tower
03:31 Guard Tower
03:47 Scout Tower
03:48 Scout Tower
03:52 Farm
03:57 Blacksmith
04:15 Guard Tower
04:17 Scout Tower
04:22 Arcane Tower
04:26 Arcane Tower
04:27 Scout Tower
04:58 Scout Tower
04:59 Guard Tower
05:12 Scout Tower
05:13 Guard Tower
05:17 Guard Tower
05:28 Scout Tower
05:32 Scout Tower
07:05 Scout Tower
07:06 Scout Tower
07:07 Guard Tower
07:10 Scout Tower
07:11 Guard Tower
07:27 Scout Tower
07:28 Scout Tower
07:33 Scout Tower
07:34 Guard Tower
07:44 Guard Tower
08:55 Scout Tower
09:35 Scout Tower
09:37 Scout Tower
09:38 Scout Tower
09:39 Guard Tower
09:45 Arcane Sanctum
09:46 Arcane Sanctum
09:55 Scout Tower
09:57 Scout Tower
09:57 Scout Tower
10:14 Scout Tower
10:15 Scout Tower
10:15 Scout Tower
10:18 Scout Tower
10:19 Scout Tower
10:19 Scout Tower
10:20 Scout Tower
10:42 Workshop
10:43 Workshop
10:53 Guard Tower
11:19 Scout Tower
11:20 Scout Tower
11:21 Scout Tower
11:23 Guard Tower
12:15 Scout Tower
12:16 Scout Tower
12:18 Arcane Tower
12:20 Guard Tower
12:38 Lumber Mill
12:45 Castle
12:52 Scout Tower
12:54 Scout Tower
13:55 Guard Tower
14:12 Scout Tower
14:48 Guard Tower
14:50 Scout Tower
14:50 Scout Tower
16:20 Guard Tower
16:21 Scout Tower
16:22 Scout Tower
16:23 Scout Tower
16:23 Scout Tower
16:27 Guard Tower
16:28 Scout Tower
16:29 Scout Tower
16:30 Scout Tower
17:07 Farm
17:15 Scout Tower
17:15 Scout Tower
17:16 Scout Tower
17:18 Scout Tower
18:03 Guard Tower
18:56 Guard Tower
18:57 Scout Tower
20:04 Scout Tower
20:05 Scout Tower
20:05 Scout Tower
20:07 Guard Tower
20:31 Town Hall
20:52 Scout Tower
21:13 Farm
21:14 Farm
21:42 Scout Tower
21:43 Scout Tower
21:43 Scout Tower
21:45 Scout Tower
21:46 Scout Tower
21:46 Scout Tower
21:49 Scout Tower
22:06 Guard Tower
24:22 Guard Tower
25:05 Scout Tower
25:05 Scout Tower
25:06 Scout Tower
25:07 Scout Tower
25:08 Scout Tower
25:08 Scout Tower
25:39 Guard Tower
26:39 Scout Tower
26:42 Scout Tower
26:43 Scout Tower
26:44 Scout Tower
26:45 Scout Tower
26:45 Scout Tower
26:46 Scout Tower
28:14 Guard Tower
28:18 Scout Tower
28:19 Scout Tower
28:19 Scout Tower
28:20 Scout Tower
28:21 Scout Tower
28:37 Scout Tower
28:44 Guard Tower
28:58 Lumber Mill
30:22 Guard Tower
30:55 Guard Tower
30:57 Scout Tower
30:58 Scout Tower
32:20 Guard Tower
32:35 Guard Tower
34:21 Scout Tower
34:23 Scout Tower
34:55 Guard Tower
37:09 Workshop
38:00 Workshop
39:09 Town Hall
41:25 Scout Tower
» items
| Scroll of Regeneration | 1 | |
| Lesser Clarity Potion | 1 | |
| Ivory Tower | 3 | |
5 total
Chat log
(00:16 / All) Dinnerbot: dinner
(00:20 / Allies) I)oNtFckW1tmE: stfu
(00:48 / Allies) I)oNtFckW1tmE: units
(00:56 / Allies) No_0b4eVer: bat
(01:03 / Allies) I)oNtFckW1tmE: of course
(01:04 / All) Dinnerbot: dinner
(01:17 / Allies) I)oNtFckW1tmE: shut your annoying ass up
(01:35 / All) Dinnerbot: dinner
(04:07 / All) Dinnerbot: dinner
(04:11 / Allies) I)oNtFckW1tmE: stfu
(04:52 / Allies) I)oNtFckW1tmE: no towers?
(05:00 / All) Dinnerbot: dinner
(05:04 / Allies) No_0b4eVer: need?
(05:06 / Allies) I)oNtFckW1tmE: omfg
(05:07 / Allies) I)oNtFckW1tmE: thats it
(05:35 / All) Dinnerbot: dinner
(05:44 / Allies) I)oNtFckW1tmE: dinner this bitch
(05:48 / Allies) No_0b4eVer: what?
(06:02 / Allies) No_0b4eVer: what's ur problem
(06:07 / All) Dinnerbot: dinner
(06:24 / Allies) I)oNtFckW1tmE: have fun with your dinner bitch
(06:33 / Allies) No_0b4eVer: as ur b=name
(06:41 / All) I)oNtFckW1tmE: red going bats
(06:43 / All) Dinnerbot: dinner
(06:47 / All) I)oNtFckW1tmE: oj annoying as fuck so i die
(06:57 / Allies) No_0b4eVer: as ur name
(07:02 / All) I)oNtFckW1tmE: my base is open for a free expo
(07:02 / Allies) No_0b4eVer: always fuk u
(07:11 / Allies) I)oNtFckW1tmE: remember my name bitch
(07:21 / All) Dinnerbot: dinner
(07:21 / Allies) No_0b4eVer: lol
(08:01 / All) I)oNtFckW1tmE: towers at bottom too
(08:07 / All) I)oNtFckW1tmE: noob ass shit
(08:10 / All) Dinnerbot: dinner
(08:14 / All) I)oNtFckW1tmE: easy
(08:23 / All) I)oNtFckW1tmE: just get hawks with cloud
(08:59 / All) I)oNtFckW1tmE: still level one heros
(09:02 / All) I)oNtFckW1tmE: so dont worry
(09:05 / All) Dinnerbot: dinner
(09:08 / All) I)oNtFckW1tmE: these guys are fuckin horrible
(09:17 / All) I)oNtFckW1tmE: top still open for expo
(09:19 / All) Dinnerbot: dinner
(09:26 / All) I)oNtFckW1tmE: red still goin batrs
(09:28 / All) I)oNtFckW1tmE: bats
(09:30 / All) I)oNtFckW1tmE: so tower up
(09:35 / All) I)oNtFckW1tmE: or still at keep
(09:38 / All) I)oNtFckW1tmE: noob as always
(09:42 / All) I)oNtFckW1tmE: dont worry about him
(09:48 / All) I)oNtFckW1tmE: has no units
(09:50 / All) Dinnerbot: dinner
(10:01 / All) I)oNtFckW1tmE: red going for an expo where my base way
(10:02 / All) I)oNtFckW1tmE: was
(10:37 / All) I)oNtFckW1tmE: red going taruen now
(10:47 / All) I)oNtFckW1tmE: and building towers at my mine
(10:49 / All) Dinnerbot: dinner
(10:53 / All) ElZilcho: why?
(11:06 / All) No_0b4eVer: as his name
(11:18 / All) No_0b4eVer: no why
(11:35 / All) Dinnerbot: dinner
(12:24 / All) Dinnerbot: dinner
(12:43 / All) I)oNtFckW1tmE: just took a major shit
(12:47 / All) I)oNtFckW1tmE: felt pretty good
(12:55 / All) Dinnerbot: dinner
(13:02 / All) I)oNtFckW1tmE: oj stil has no units
(13:08 / All) I)oNtFckW1tmE: red creeping middle mine
(13:20 / All) Dinnerbot: dinner
(13:24 / All) I)oNtFckW1tmE: get cloud teal
(13:36 / All) I)oNtFckW1tmE: beat these dumb fags
(13:51 / All) I)oNtFckW1tmE: red getting expo in middle
(13:55 / All) I)oNtFckW1tmE: the top right mine
(14:00 / All) Dinnerbot: dinner
(14:18 / All) I)oNtFckW1tmE: red got shaman now
(14:23 / All) I)oNtFckW1tmE: and some taruen
(14:32 / All) Dinnerbot: dinner
(14:35 / All) I)oNtFckW1tmE: he making some bats too
(14:45 / All) I)oNtFckW1tmE: getting ready for your hawks i guess
(15:12 / All) I)oNtFckW1tmE: better hit fast
(15:15 / All) I)oNtFckW1tmE: before he gets more towers
(15:19 / All) I)oNtFckW1tmE: longer yall wait
(15:22 / All) I)oNtFckW1tmE: harder its gonna be
(15:25 / All) I)oNtFckW1tmE: dont be noob like them
(15:36 / All) I)oNtFckW1tmE: see
(15:38 / All) I)oNtFckW1tmE: told you
(15:40 / All) I)oNtFckW1tmE: expo there
(15:56 / All) I)oNtFckW1tmE: wow blue
(15:57 / All) I)oNtFckW1tmE: really
(15:59 / All) I)oNtFckW1tmE: how noob are you?
(16:02 / All) Dinnerbot: dinner
(16:08 / All) I)oNtFckW1tmE: lol
(16:11 / All) I)oNtFckW1tmE: wow
(16:17 / All) I)oNtFckW1tmE: maybe yall deserve to lose
(16:20 / All) I)oNtFckW1tmE: after me seeing that
(16:31 / All) I)oNtFckW1tmE: da fuck you making copters for you idiot
(16:41 / All) Dinnerbot: dinner
(16:52 / All) PubisTaco: dinner
(16:54 / All) I)oNtFckW1tmE: they all at top
(16:57 / All) I)oNtFckW1tmE: hit at bottom
(17:05 / All) I)oNtFckW1tmE: he just making more towers
(17:20 / All) Dinnerbot: dinner
(17:22 / All) I)oNtFckW1tmE: why da fuck are u running blue
(17:25 / All) I)oNtFckW1tmE: u fuckin pussy
(17:36 / All) I)oNtFckW1tmE: wow
(17:38 / All) I)oNtFckW1tmE: your so bad
(18:13 / All) Dinnerbot: dinner
(18:17 / All) I)oNtFckW1tmE: sad
(18:18 / All) I)oNtFckW1tmE: so sad
(18:33 / All) I)oNtFckW1tmE: yall gonna lose and im telling you every move they make
(18:40 / All) I)oNtFckW1tmE: how fuckin pathetic is that
(18:45 / All) Dinnerbot: dinner
(18:59 / All) I)oNtFckW1tmE: yall need to unistall this game
(19:06 / All) I)oNtFckW1tmE: go play dune or some other shit
(19:10 / All) PubisTaco: im too noob to deo that
(19:13 / All) I)oNtFckW1tmE: yall fuckin suck at this game
(19:36 / All) Dinnerbot: dinner
(19:50 / All) I)oNtFckW1tmE: oj is there now
(20:03 / All) I)oNtFckW1tmE: so bad
(20:21 / All) I)oNtFckW1tmE: that all at bottom now
(20:24 / Allies) I)oNtFckW1tmE: hit top
(20:26 / All) I)oNtFckW1tmE: hit top
(20:32 / All) Dinnerbot: dinner
(20:44 / All) I)oNtFckW1tmE: pink
(20:47 / All) I)oNtFckW1tmE: go to my old base
(20:57 / All) I)oNtFckW1tmE: fly thru middle and take out red other exxpo
(21:01 / All) Dinnerbot: dinner
(21:11 / All) I)oNtFckW1tmE: or fly at very top of map
(21:22 / All) I)oNtFckW1tmE: nevermind
(21:28 / All) Dinnerbot: dinner
(21:29 / All) I)oNtFckW1tmE: red sends bats to his expo now
(21:56 / All) I)oNtFckW1tmE: oj making expo at othe mine in middle
(22:08 / All) Dinnerbot: dinner
(22:34 / All) I)oNtFckW1tmE: fly bottom of map and go around towers
(22:38 / All) Dinnerbot: dinner
(22:43 / All) I)oNtFckW1tmE: they creeping bottom by towers
(23:00 / All) I)oNtFckW1tmE: oj is invisbile
(23:04 / All) I)oNtFckW1tmE: coming to yall
(23:14 / All) I)oNtFckW1tmE: red going bottom
(23:18 / All) I)oNtFckW1tmE: oj at your well
(23:44 / All) I)oNtFckW1tmE: get some breakers
(23:46 / All) I)oNtFckW1tmE: wtf
(23:49 / All) I)oNtFckW1tmE: its not hard to beat this
(23:58 / All) I)oNtFckW1tmE: oj at your well still
(24:04 / All) I)oNtFckW1tmE: there he goes
(24:28 / All) I)oNtFckW1tmE: teal
(24:38 / All) I)oNtFckW1tmE: make scout towers top and bottom
(24:44 / All) I)oNtFckW1tmE: with reveal
(24:52 / All) Dinnerbot: dinner
(24:59 / All) I)oNtFckW1tmE: here comes bats
(25:05 / All) I)oNtFckW1tmE: going to teal expo
(25:31 / All) Dinnerbot: dinner
(25:43 / All) I)oNtFckW1tmE: oj has copters in middle by that mine
(25:50 / All) I)oNtFckW1tmE: care teal
(25:57 / All) I)oNtFckW1tmE: he will see your morts making path
(26:00 / All) I)oNtFckW1tmE: b pink
(26:26 / All) I)oNtFckW1tmE: care
(26:28 / All) I)oNtFckW1tmE: bats there too
(26:29 / All) Dinnerbot: dinner
(26:56 / All) No_0b4eVer: need wood
(27:02 / Allies) No_0b4eVer: i need wood
(27:08 / All) Dinnerbot: dinner
(27:09 / All) I)oNtFckW1tmE: expo at both middle mines
(27:25 / All) I)oNtFckW1tmE: b
(27:27 / All) I)oNtFckW1tmE: Bats
(27:43 / All) I)oNtFckW1tmE: nice
(27:44 / All) Dinnerbot: dinner
(27:50 / All) I)oNtFckW1tmE: its about time yall do something smart
(28:00 / All) I)oNtFckW1tmE: oj right by you
(28:08 / All) I)oNtFckW1tmE: there u go
(28:30 / All) Dinnerbot: dinner
(28:36 / All) I)oNtFckW1tmE: bats bigger threat
(28:52 / All) I)oNtFckW1tmE: red by your well
(29:01 / All) I)oNtFckW1tmE: here he comes
(29:06 / All) I)oNtFckW1tmE: rape him
(29:08 / All) I)oNtFckW1tmE: he has no aa
(29:32 / All) I)oNtFckW1tmE: oj let hit your mine
(29:34 / All) I)oNtFckW1tmE: kill red
(29:39 / All) Dinnerbot: dinner
(29:42 / All) I)oNtFckW1tmE: teal make tanks
(30:09 / All) I)oNtFckW1tmE: red by you
(30:19 / All) I)oNtFckW1tmE: out
(30:30 / All) Dinnerbot: dinner
(30:30 / All) I)oNtFckW1tmE: nm
(30:33 / All) I)oNtFckW1tmE: didnt see blue there
(30:56 / All) I)oNtFckW1tmE: take out red
(31:18 / All) I)oNtFckW1tmE: blue
(31:20 / All) I)oNtFckW1tmE: red coming
(31:30 / All) I)oNtFckW1tmE: omg your so bad
(31:40 / All) Dinnerbot: dinner
(31:54 / All) I)oNtFckW1tmE: mana burn u dumb fuck
(32:12 / All) Dinnerbot: dinner
(32:17 / All) I)oNtFckW1tmE: geez blue
(32:20 / All) I)oNtFckW1tmE: wtf are u doing
(33:05 / All) I)oNtFckW1tmE: really
(33:12 / All) I)oNtFckW1tmE: you use that by well?
(33:13 / All) I)oNtFckW1tmE: lmao
(33:15 / All) I)oNtFckW1tmE: dumb noob
(33:18 / All) I)oNtFckW1tmE: what a waste
(33:22 / All) Dinnerbot: dinner
(33:47 / All) I)oNtFckW1tmE: better kill red
(33:49 / All) I)oNtFckW1tmE: he rebuilding
(33:54 / All) Dinnerbot: dinner
(33:59 / All) I)oNtFckW1tmE: making more beastiary
(34:36 / All) I)oNtFckW1tmE: I cant believe how hard this is for yall
(34:39 / All) I)oNtFckW1tmE: pathetic
(34:50 / Allies) No_0b4eVer: out
(34:52 / All) I)oNtFckW1tmE: go for reds base idiots
(34:56 / All) I)oNtFckW1tmE: he has one tower
(34:59 / All) I)oNtFckW1tmE: rest burrows
(35:01 / All) Dinnerbot: dinner
(35:02 / All) I)oNtFckW1tmE: dumb fucks
(35:04 / All) I)oNtFckW1tmE: listen to me
(35:26 / All) I)oNtFckW1tmE: now he makin expo middle right mine
(35:33 / All) I)oNtFckW1tmE: teal
(35:41 / All) I)oNtFckW1tmE: i told your dumb ass to make tanks
(36:15 / All) Dinnerbot: dinner
(36:16 / All) I)oNtFckW1tmE: so so sad
(36:41 / All) I)oNtFckW1tmE: bout dam time u make tanks
(37:03 / All) I)oNtFckW1tmE: send tanks to reds base
(37:23 / All) Dinnerbot: dinner
(37:38 / All) I)oNtFckW1tmE: its unreal how bad these guys are raping you
(37:55 / All) Dinnerbot: dinner
(38:10 / Allies) Dinnerbot: GLOD
(38:25 / All) Dinnerbot: dinner
(38:35 / All) I)oNtFckW1tmE: they about to attack your mian in middle
(38:38 / All) I)oNtFckW1tmE: see
(39:20 / All) I)oNtFckW1tmE: wow
(39:22 / All) Dinnerbot: dinner
(39:24 / All) I)oNtFckW1tmE: just wow pink
(39:33 / All) I)oNtFckW1tmE: getting fuckin owned like a little bitch
(39:38 / All) I)oNtFckW1tmE: red just made you his bitch son
(39:40 / All) Dinnerbot: dinner
(40:18 / All) I)oNtFckW1tmE: see how the bats are fuckin your air up
(40:19 / All) I)oNtFckW1tmE: see
(40:21 / All) Dinnerbot: dinner
(40:30 / All) I)oNtFckW1tmE: if you would of listen to my ass and killed red when i told you too
(40:35 / All) I)oNtFckW1tmE: you would be winning
(40:37 / All) I)oNtFckW1tmE: dumb fucks
(40:52 / All) I)oNtFckW1tmE: now yall might actually lose this game
(40:59 / All) I)oNtFckW1tmE: fuckin sad
(41:04 / All) Dinnerbot: dinner
(41:08 / All) I)oNtFckW1tmE: annnnd what did i say
(41:13 / All) I)oNtFckW1tmE: bats are the bigger threat
(41:16 / All) I)oNtFckW1tmE: smh
(41:16 / All) Dinnerbot: dinner
(41:22 / All) I)oNtFckW1tmE: stupid ass noobs these days
(41:27 / All) I)oNtFckW1tmE: i win either way]
(41:31 / All) I)oNtFckW1tmE: can care less
(41:35 / All) I)oNtFckW1tmE: but just wow
(42:07 / All) I)oNtFckW1tmE: you didnt go hawks with cloud like i said
(42:10 / All) I)oNtFckW1tmE: now look at you
(42:19 / All) I)oNtFckW1tmE: you have to hit from middle
(42:25 / All) I)oNtFckW1tmE: but they all right there
(42:29 / All) I)oNtFckW1tmE: waiting for u
(42:30 / All) I)oNtFckW1tmE: dumb fucks
(43:03 / All) Dinnerbot: dinner
(43:07 / All) I)oNtFckW1tmE: you just gonna sit there and let blizzard rape yall
(43:09 / All) I)oNtFckW1tmE: lol
(43:09 / All) I)oNtFckW1tmE: wow
(43:35 / All) I)oNtFckW1tmE: kill main u idiot
(43:38 / All) Dinnerbot: dinner
(43:42 / Allies) No_0b4eVer: iu bck
(43:45 / Allies) No_0b4eVer: help me
(43:48 / All) Dinnerbot: dinner
(44:13 / All) I)oNtFckW1tmE: lmao
(44:20 / All) I)oNtFckW1tmE: why do yall even play this game
(44:20 / All) Dinnerbot: dinner
(44:22 / All) I)oNtFckW1tmE: omg
(44:34 / All) I)oNtFckW1tmE: i cant even image how bad we would of raped yall if i was playijng
(44:35 / All) I)oNtFckW1tmE: lmao
(44:37 / All) I)oNtFckW1tmE: just wow
(44:42 / All) Dinnerbot: dinner
(45:51 / All) I)oNtFckW1tmE: teal;
(45:53 / All) I)oNtFckW1tmE: wtf are u doing
(46:00 / All) I)oNtFckW1tmE: just keep feeding him
(46:02 / All) I)oNtFckW1tmE: dumb ass
(46:07 / All) I)oNtFckW1tmE: its to late
(46:09 / All) I)oNtFckW1tmE: yall lost
(46:15 / All) Dinnerbot: dinner
(46:17 / All) I)oNtFckW1tmE: im putting this game on youtube
(46:29 / All) I)oNtFckW1tmE: gonna send this shit to witi
(46:29 / All) Dinnerbot: dinner
(46:37 / All) I)oNtFckW1tmE: embaress da fuck out of yall
(46:42 / All) I)oNtFckW1tmE: best just make new accounts
(46:54 / All) I)oNtFckW1tmE: yall gonna be famous for being the biggest noobs ever
(47:13 / All) Dinnerbot: dinner
(47:31 / All) I)oNtFckW1tmE: this shit is unreal
(47:38 / All) I)oNtFckW1tmE: funniest shit ive ever seen
(47:58 / All) I)oNtFckW1tmE: turn wells one idiot
(48:06 / All) Dinnerbot: dinner
(48:11 / All) I)oNtFckW1tmE: lmao
(48:12 / All) I)oNtFckW1tmE: bye
(48:14 / All) I)oNtFckW1tmE: just leave now
(48:17 / All) I)oNtFckW1tmE: your shit
(48:22 / All) I)oNtFckW1tmE: now the world is gonna know
(48:24 / All) I)oNtFckW1tmE: lmao
(48:26 / Allies) No_0b4eVer: lol
(48:29 / All) Dinnerbot: dinner
(48:42 / Allies) No_0b4eVer: u mas bro
(48:47 / All) I)oNtFckW1tmE: how da fuck do you lose lmao
(48:51 / All) Dinnerbot: dinner
(48:55 / All) Dinnerbot: dinner
(48:56 / All) Dinnerbot: dinner
(48:56 / All) I)oNtFckW1tmE: i was telling yall everything
(48:57 / All) Dinnerbot: dinner
(49:02 / All) I)oNtFckW1tmE: lmao
(49:04 / All) I)oNtFckW1tmE: i mean
(49:11 / All) I)oNtFckW1tmE: to lose by a close game is one thing
(49:17 / All) I)oNtFckW1tmE: but yall got fuckin owned
(49:21 / All) I)oNtFckW1tmE: raped like no other
(49:38 / All) Dinnerbot: dinner
(49:40 / All) I)oNtFckW1tmE: all oj had was copters?!
(49:42 / All) I)oNtFckW1tmE: and heros
(49:44 / All) I)oNtFckW1tmE: that it
(49:46 / All) I)oNtFckW1tmE: i had nothing
(49:51 / All) I)oNtFckW1tmE: i kill myself
(49:56 / All) I)oNtFckW1tmE: red has melee and bats
(49:58 / All) I)oNtFckW1tmE: thats it
(50:03 / All) I)oNtFckW1tmE: and yall still lose!?
(50:13 / All) I)oNtFckW1tmE: unreal
(50:14 / All) Dinnerbot: dinner
(50:15 / All) Dinnerbot: dinner
(50:22 / Allies) No_0b4eVer: i have strong 3 hero
(50:30 / Allies) I)oNtFckW1tmE: they kept feeding your
(50:33 / Allies) I)oNtFckW1tmE: like dumb fucks
(50:35 / Allies) I)oNtFckW1tmE: lmao
(50:35 / Allies) I)oNtFckW1tmE: wow
(51:08 / All) I)oNtFckW1tmE: this shit really going on youtube
(51:12 / All) Dinnerbot: dinner
(51:12 / All) I)oNtFckW1tmE: TONIGHT
(51:26 / All) I)oNtFckW1tmE: i have yalls names and evertyhing
(51:37 / All) I)oNtFckW1tmE: gonna get a lot of views
(51:39 / All) I)oNtFckW1tmE: lmao
(52:23 / All) Dinnerbot: dinner